 Dungeon Crawl Stone Soup version 0.30.1-6-gbe392663c4 (webtiles) character file.

Game seed: 9296109262334134882

3250 Kurtz the Cleaver (level 9, -8/54 HPs)
             Began as a Tengu Fighter on Sept 20, 2023.
             Was a Priest of Okawaru.
             Mangled by a two-headed ogre
             ... wielding a +0 giant club
              (13 damage)
             ... on level 8 of the Dungeon.
             The game lasted 00:09:22 (6683 turns).

Kurtz the Cleaver (Tengu Fighter)                   Turns: 6683, Time: 00:09:23

Health: -8/54      AC: 11    Str: 20    XL:     9   Next: 99%
Magic:  10/10      EV:  5    Int:  8    God:    Okawaru [***...]
Gold:   429        SH: 16    Dex: 15    Spells: 8/8 levels left

rFire   . . .        w - +4 hand axe (flame)
rCold   . . .        g - +0 kite shield
rNeg    . . .        p - +0 plate armour
rPois   .            (helmet restricted)
rElec   .            (no cloak)
rCorr   .            (no gloves)
SInv    +            (boots unavailable)
Will    .....        E - amulet of reflection Stlth
                     f - ring of see invisible
HPRegen 0.29/turn    J - ring of wizardry
MPRegen 0.12/turn

%: reflection, wizardry (x1)
@: flying quickly and evasively, quick
A: beak, talons 3, nimble flight
a: Renounce Religion, Heroism


You were on level 8 of the Dungeon.
You worshipped Okawaru.
Okawaru was most pleased with you.
You visited 2 branches of the dungeon, and saw 9 of its levels.

You collected 429 gold pieces.

Inventory:

Hand Weapons
 a - a +0 war axe
 w - a +4 hand axe of flaming (weapon)
Missiles
 I - a curare-tipped dart (quivered)
Armour
 g - a +0 kite shield (worn)
 p - a +0 plate armour (worn)
Jewellery
 f - a ring of see invisible (left hand)
 n - an amulet of regeneration
 E - an amulet of reflection (around neck)
 F - a ring of fire
 J - a ring of wizardry (right hand)
Wands
 B - a wand of digging (14)
 G - a wand of flame (50)
Scrolls
 b - a scroll of poison {unknown}
 c - a scroll of blinking {unknown}
 e - 4 scrolls of brand weapon {unknown}
 i - 5 scrolls of teleportation {unknown}
 j - 4 scrolls of fear {unknown}
 l - 2 scrolls of noise {unknown}
 o - a scroll of torment {unknown}
 s - 2 scrolls of immolation {unknown}
 t - 3 scrolls of enchant weapon {unknown}
 x - 6 scrolls of identify {unknown}
 y - 2 scrolls of magic mapping {unknown}
 H - 2 scrolls of amnesia {unknown}
Potions
 d - a potion of might
 h - 3 potions of attraction {unknown}
 k - 3 potions of lignification {unknown}
 m - 3 potions of heal wounds {unknown}
 q - 2 potions of magic {unknown}
 r - a potion of degeneration {unknown}
 u - a potion of brilliance {unknown}
 v - 3 potions of haste {unknown}
 z - 3 potions of mutation {unknown}
 C - 6 potions of curing {unknown}
 D - a potion of resistance {unknown}


   Skills:
 * Level 5.5 Fighting
 * Level 11.2 Axes
 - Level 3.2 Armour
 * Level 8.7 Shields


You had 8 spell levels left.
You didn't know any spells.
Your spell library contained the following spells:

 Spells                   Type           Power      Damage    Failure   Level
 Apportation              Tloc           0%         N/A       100%        1
 Foxfire                  Conj/Fire      0%         2x1d4     100%        1
 Necrotise                Necr           0%         1d4       100%        1
 Ensorcelled Hibernation  Hex/Ice        0%         N/A       100%        2
 Passwall                 Tmut/Erth      0%         N/A       100%        2
 Static Discharge         Conj/Air       0%         2-2/arc   100%        2
 Frozen Ramparts          Ice            0%         1d1       100%        3
 Hailstorm                Conj/Ice       0%         3d3       100%        3
 Mephitic Cloud           Conj/Pois/Air  0%         N/A       100%        3
 Swiftness                Air            0%         N/A       100%        3
 Ice Form                 Ice/Tmut       0%         N/A       100%        4
 Iskenderun's Mystic Bla  Conj/Tloc      0%         2d3       100%        4
 Passage of Golubria      Tloc           0%         N/A       100%        4
 Fireball                 Conj/Fire      0%         3d3       100%        5
 Yara's Violent Unravell  Hex/Tmut       0%         3d3       100%        5
 Plasma Beam              Fire/Air       0%         2x1d11    100%        6
 Starburst                Conj/Fire      0%         6d3       100%        6
 Summon Small Mammal      Summ           Unusable   N/A       N/A         1
 Tukima's Dance           Hex            Unusable   N/A       N/A         3
 Summon Ice Beast         Ice/Summ       Unusable   N/A       N/A         4

Dungeon Overview and Level Annotations

Branches:
Dungeon (8/15)             Temple (1/1) D:4
   Lair: D:8-11

Altars:
Ashenzari
Cheibriados
Elyvilon
Fedhas
Gozag
Hepliaklqana
Kikubaaqudgha
Okawaru
Qazlal
Ru
Trog
Uskayaw
Vehumet
Wu Jian
Yredelemnul
Zin
The Shining One

Annotations:
D:3 2 transporters


Innate Abilities, Weirdness & Mutations

You have a beak for a mouth.
You have claws for feet.
Your magical nature lets you fly swiftly and evasively.


Message History

Throw: dart (poison)
Press: ? - help, Q - select action, (/) - cycle Shift-Dir - straight line, f/p - two-headed ogre
Aim: a two-headed ogre, wielding two +0 giant clubs (lightly wounded, poisoned, 75% to hit)
You throw a poisoned dart.
The poisoned dart barely misses the two-headed ogre.
You hit the two-headed ogre. You burn the two-headed ogre.
Your kick misses the two-headed ogre.
The two-headed ogre is lightly wounded.
The two-headed ogre hits you but does no damage.
The two-headed ogre hits you with a +0 giant club.
You slash the two-headed ogre! You burn the two-headed ogre.
You claw the two-headed ogre, but do no damage.
The two-headed ogre is moderately wounded.
You hit the two-headed ogre. You burn the two-headed ogre.
You peck the two-headed ogre.
The two-headed ogre is heavily wounded.
The two-headed ogre hits you with a +0 giant club!
The two-headed ogre barely misses you.
You hit the two-headed ogre. You burn the two-headed ogre.
You peck the two-headed ogre.
The two-headed ogre is heavily wounded.
The two-headed ogre barely misses you.
The two-headed ogre hits you with a +0 giant club.
You hit the two-headed ogre. You burn the two-headed ogre.
The two-headed ogre is heavily wounded.
The two-headed ogre looks more healthy.
You barely miss the two-headed ogre. You claw the two-headed ogre!
The two-headed ogre is severely wounded.
The two-headed ogre hits you with a +0 giant club!!
You block the two-headed ogre's attack.
You hit the two-headed ogre. You burn the two-headed ogre.
You claw the two-headed ogre.
You peck the two-headed ogre, but do no damage.
The two-headed ogre is severely wounded.
You slash the two-headed ogre! You burn the two-headed ogre.
The two-headed ogre is almost dead.
The two-headed ogre hits you with a +0 giant club!!
* * * LOW HITPOINT WARNING * * *
The two-headed ogre hits you with a +0 giant club!
You die...

#.######.#.#
#.# #.#
#........#.#
#O# #.#
##########.###
#.# ##.# #..(#
#.# #... ###.#
#.# #... #.#
#.#######...
#.#
#....O.....#
#O#
##.#########
#@######.#
#........#
##########


You could see a two-headed ogre.

Vanquished Creatures
  A steam dragon (D:8)
  Edmund (D:5)
  An acid dragon (D:8)
  3 water moccasins
  An orc warrior (D:8)
  2 ice beasts
  A sky beast (D:8)
  4 black bears
  A centaur (D:6)
  2 ogres
  A phantom (D:6)
  A kobold brigand (D:8)
  Blork the orc (D:4)
  5 bullfrogs
  A gnoll sergeant (D:5)
  3 wights (D:7)
  3 howler monkeys (D:7)
  2 jellies
  2 hounds
  3 orc priests
  An iguana (D:4)
  2 sleepcaps (D:7)
  Natasha (thrice) (D:4)
  4 orc wizards
  5 gnolls
  13 adders
  2 shadow imps (D:5)
  3 white imps
  A worm (D:4)
  20 orcs
  5 endoplasms
  3 giant cockroaches
  12 goblins
  5 hobgoblins
  2 quokkas (D:1)
  5 ball pythons
  3 bats
  A frilled lizard (D:1)
  4 kobolds
  6 rats
139 creatures vanquished.

Notes
Turn   | Place    | Note
-------+----------+-------------------------------------------
     0 | D:1      | Kurtz the Tengu Fighter began the quest for the Orb.
     0 | D:1      | Reached XP level 1. HP: 14/14 MP: 2/2
    88 | D:1      | Reached XP level 2. HP: 19/19 MP: 3/3
   549 | D:1      | Reached skill level 3 in Axes
   925 | D:2      | Reached XP level 3. HP: 18/22 MP: 4/4
  1142 | D:2      | Found a radiant altar of Vehumet.
  1188 | D:2      | Reached XP level 4. HP: 25/28 MP: 5/5
  1792 | D:3      | Found a basalt altar of Yredelemnul.
  1792 | D:3      | Found a hazy altar of Hepliaklqana.
  1795 | D:3      | Found a broken altar of Ashenzari.
  1868 | D:3      | Found a transporter.
  1875 | D:3      | Noticed a kobold brigand
  1877 | D:3      | Got Niuwa's Octavo of Kinetic Gusts
  1910 | D:3      | Noticed a small abomination
  1932 | D:3      | Found a transporter.
  1963 | D:3      | Found a faded altar of an unknown god.
  2020 | D:3      | Found an ornate altar of the Wu Jian Council.
  2069 | D:3      | Reached skill level 4 in Axes
  2184 | D:3      | Noticed a small abomination
  2244 | D:4      | Noticed Natasha
  2262 | D:4      | Killed Natasha
  2275 | D:4      | Gained mutation: Your magical nature lets you fly swiftly
                  | and evasively. [Tengu growth]
  2275 | D:4      | Reached XP level 5. HP: 32/32 MP: 6/6
  2416 | D:4      | Found an opulent altar of Gozag.
  2416 | D:4      | Noticed Natasha
  2420 | D:4      | Killed Natasha
  2421 | D:4      | Reached skill level 5 in Axes
  2545 | D:4      | Found a staircase to the Ecumenical Temple.
  2559 | Temple   | Entered the Ecumenical Temple
  2625 | Temple   | Became a worshipper of Warmaster Okawaru
  2648 | D:4      | Reached XP level 6. HP: 37/37 MP: 7/7
  2772 | D:4      | Noticed Natasha
  2780 | D:4      | Killed Natasha
  2807 | D:4      | Noticed Blork the orc
  2815 | D:4      | Killed Blork the orc
  2816 | D:4      | Reached skill level 5 in Shields
  3019 | D:5      | Entered Level 5 of the Dungeon
  3122 | D:5      | Found a sacrificial altar of Ru.
  3127 | D:5      | Reached skill level 6 in Axes
  3141 | D:5      | Noticed an ice beast
  3152 | D:5      | Killed an ice beast
  3153 | D:5      | Reached XP level 7. HP: 36/41 MP: 8/8
  3375 | D:5      | Reached * piety under Okawaru
  3437 | D:5      | Reached skill level 7 in Axes
  3726 | D:5      | Noticed Edmund
  3748 | D:5      | Killed Edmund
  3749 | D:5      | Reached XP level 8. HP: 27/46 MP: 9/9
  3930 | D:5      | Found a snail-covered altar of Cheibriados.
  4115 | D:5      | Reached skill level 8 in Axes
  4711 | D:6      | Reached skill level 9 in Axes
  4718 | D:6      | Reached ** piety under Okawaru
  4818 | D:6      | You are sucked into a shaft and drop 1 floor!
  4831 | D:7      | Reached XP level 9. HP: 51/52 MP: 10/10
  4876 | D:7      | Found a radiant altar of Vehumet.
  5147 | D:7      | Reached skill level 10 in Axes
  6037 | D:8      | Reached *** piety under Okawaru
  6038 | D:8      | Reached skill level 5 in Fighting
  6100 | D:8      | Found a stormy altar of Qazlal.
  6183 | D:8      | Found a white marble altar of Elyvilon.
  6198 | D:8      | Reached skill level 11 in Axes
  6612 | D:8      | Found a blossoming altar of Fedhas.
  6617 | D:8      | Noticed a two-headed ogre
  6683 | D:8      | Mangled by a two-headed ogre

Illustrated notes

Levels and vault maps discovered:
D:1:      dpeg_arrival_court, layout_loops_corners
D:2:      layout_loops_ring, basic_altar
D:3:      layout_basic, nzn_wu_jian_contemplation,
          gammafunk_temple_overflow_forgotten, shapermc_ecumenical_altar_venn,
          gammafunk_ghost_abyssal_escape
D:4:      layout_loops_cross, nicolae_gozag_seed_capital,
          minmay_temple_entry_junction, uniq_natasha, uniq_blork_the_orc
D:5:      layout_layer_cave, lemuel_round_altar,
          nicolae_ru_great_annihilating_truth, st_stairs_7, uniq_edmund
D:6:      layout_loops_ring, st_stairs_2, amcnicky_mini_rare_corridor_liquid
D:7:      layout_loops_corners, vehumet_altar_wand_db
D:8:      layout_loops_ring, overflow_temple_1_default, grunt_qazlal_clouds,
          elyvilon_altar_5
Temple:   hellmonk_temple_flake

Skill      XL: |  1  2  3  4  5  6  7  8  9 |
---------------+----------------------------+-----
Axes           | 3 4 5 6 7 9 11 | 11.2
Shields        | 4 5 6 7 8 |  8.7
Fighting       | 4 5 |  5.5
Armour         | |  3.2

Action                     |  1- 3 |  4- 6 |  7- 9 || total
---------------------------+-------+-------+-------++-------
  Melee: War axe           |    66 |   100 |       ||   166
         Peck              |     9 |    20 |    48 ||    77
         Kick              |    12 |    30 |    61 ||   103
         Hand axe          |       |    27 |   236 ||   263
  Throw: Dart              |       |       |    13 ||    13
   Stab: Invisible         |       |     1 |       ||     1
 Armour: Scale mail        |    23 |     3 |       ||    26
         Plate armour      |       |    83 |    92 ||   175
  Dodge: Dodged            |    22 |    31 |    34 ||    87
  Block: Buckler           |     3 |       |       ||     3
         Kite shield       |    24 |    86 |   126 ||   236
         Reflection        |       |       |     3 ||     3
